 Dungeon Crawl Stone Soup version 0.27.1-35-g4d5d836560 (webtiles) character file.

Game seed: 12094079770345691338

88 Delamore the Sneak (level 4, 0/29 HPs)
             Began as an Octopode Brigand on Mar 8, 2022.
             Slain by Natasha (7 damage)
             ... on level 2 of the Dungeon.
             The game lasted 00:01:23 (1601 turns).

Delamore the Sneak (Octopode Brigand)               Turns: 1601, Time: 00:01:24

Health: 0/29       AC:  1    Str: 10    XL:     4   Next: 53%
Magic:  4/4        EV: 12    Int: 13    God:
Gold:   106        SH:  0    Dex: 14    Spells: 3/3 levels left

rFire    . . .     SeeInvis .   i - +2 dagger (venom)
rCold    . . .     Faith    .   (no shield)
rNeg     . . .     Spirit   .   (helmet restricted)
rPois    .         Reflect  .   (no amulet)
rElec    .         Harm     .   f - +4 ring of slaying
rCorr    .         Rampage  .   (no ring)
Will     .....                  (no ring)
Stlth    +++++.....             (no ring)
HPRegen  0.09/turn              (no ring)
MPRegen  0.09/turn              (no ring)
                                (no ring)
                                (no ring)

@: no status effects
A: almost no armour, amphibious, 8 rings, camouflage 1, gelatinous body 1,
(nimble swimmer 1), tentacles
a: no special abilities


You were on level 2 of the Dungeon.
You visited 1 branch of the dungeon, and saw 2 of its levels.

You collected 106 gold pieces.

Inventory:

Hand Weapons
 a - a +2 dagger
 i - a +2 dagger of venom (weapon)
Missiles
 b - 8 poisoned darts (quivered)
 c - 2 curare-tipped darts
Jewellery
 f - a +4 ring of slaying (left tentacle)
Scrolls
 d - a scroll of blinking {unknown}
 e - 2 scrolls of fear {unknown}
 g - a scroll of teleportation {unknown}
 j - a scroll of holy word {unknown}
Potions
 h - a potion of lignification {unknown}


   Skills:
 - Level 2.0 Fighting
 + Level 3.0 Short Blades
 - Level 2.0 Throwing
 - Level 1.0 Dodging
 * Level 7.3 Stealth


You had 3 spell levels left.
You didn't know any spells.
Your spell library contained the following spells:

 Spells                   Type           Power      Damage    Failure   Level
 Stone Arrow              Conj/Erth      0%         3d7       67%         3
 Passage of Golubria      Tloc           N/A        N/A       97%         4
 Bolt of Magma            Conj/Fire/Erth 0%         4d4       100%        5
 Silence                  Hex/Air        0%         N/A       100%        5
 Lehudib's Crystal Spear  Conj/Erth      0%         10d2      100%        8
 Shatter                  Erth           0%         3d5*      100%        9


Dungeon Overview and Level Annotations

Branches:
Dungeon (2/15)

Altars:

Annotations:
D:2 Natasha


Innate Abilities, Weirdness & Mutations

You cannot wear most types of armour.
You are amphibious.
You can wear up to eight rings at the same time.
Your skin changes colour to match your surroundings (Stealth+).
Your rubbery body absorbs attacks. (AC +1, EV +1)
((You are camouflaged near water. (Stealth+)))
You have tentacles for arms and can constrict up to eight enemies at once.


Message History

You kill Natasha!
Natasha screams in pain as she dies!
The white imp disappears in a puff of smoke!
Your Short Blades skill increases to level 3!
You start resting.
Natasha, Servant of Life and Death comes into view.
There is a stone staircase leading up here.
You climb upwards.
There is a stone staircase leading down here.
You start resting.
HP restored.
You climb downwards.
Level annotation: Natasha
There is a stone staircase leading up here.
No target in view!
You now have 106 gold pieces (gained 5).
Natasha growls.
Natasha mumbles some strange words.
Found 5 gold pieces.
Natasha claws you. The white imp closely misses you.
You hit Natasha. You grab Natasha.
Natasha is lightly wounded.
You constrict Natasha, but do no damage.
Natasha closely misses you.
You hit Natasha.
Natasha is moderately wounded.
You constrict Natasha. The white imp gestures at you.
The puff of frost hits you! Natasha claws you.
You barely miss Natasha.
Natasha is moderately wounded.
You constrict Natasha. The white imp hits you. The white imp freezes you.
* * * LOW HITPOINT WARNING * * *
Natasha wildly gestures.
You feel troubled. Natasha closely misses you.
You hit Natasha.
Natasha is severely wounded.
You constrict Natasha. The white imp closely misses you. Natasha claws you!
You die...

. ......# ......# ##
......# ....
#########......#
....#####...†.........$
........<......#......
....<..##.....†..#.##..
###.##.....###..@h....#
...............##5....#
...#.......#####
....#.⌠
#.........######.....#
##..†###.........#.#.#
##...###.#...####.# ..
###...# #.....# .# .
....#.###.....####.#
##...........#..#...


You could see Natasha and a white imp (summoned).

Vanquished Creatures
  Natasha (D:2)
  Robin (D:2)
  6 endoplasms
  2 hobgoblins (D:2)
  3 kobolds (D:1)
  3 quokkas
  3 ball pythons (D:1)
  8 bats
  3 frilled lizards
  14 goblins
  4 rats (D:1)
48 creatures vanquished.

Notes
Turn   | Place    | Note
-------+----------+-------------------------------------------
     0 | D:1      | Delamore the Octopode Brigand began the quest for the Orb.
     0 | D:1      | Reached XP level 1. HP: 14/14 MP: 1/1
   213 | D:1      | Reached XP level 2. HP: 19/19 MP: 2/2
   313 | D:1      | Reached skill level 6 in Stealth
   816 | D:1      | Reached XP level 3. HP: 24/24 MP: 3/3
   819 | D:1      | Found a faded altar of an unknown god.
   895 | D:2      | Noticed Robin
  1273 | D:2      | Killed Robin
  1376 | D:2      | Reached XP level 4. HP: 27/29 MP: 4/4
  1403 | D:2      | Reached skill level 7 in Stealth
  1409 | D:2      | Noticed Natasha
  1417 | D:2      | Killed Natasha
  1423 | D:2      | Noticed Natasha
  1601 | D:2      | Slain by Natasha

Illustrated notes

Levels and vault maps discovered:
D:1:      scummos_arrival_star, layout_loops_ring,
          shapermc_ecumenical_altar_pompeii, st_stairs_3, minmay_octomino_e4
D:2:      layout_rooms, grunt_decor_one_mirror, uniq_natasha, uniq_robin

Skill      XL: |  1  2  3  4 |
---------------+-------------+-----
Stealth        | 6 7 |  7.3
Short Blades   | 3 |  3.0
Fighting       | |  2.0
Throwing       | |  2.0
Dodging        | |  1.0

Action                   |  1- 3 |  4- 6 || total
-------------------------+-------+-------++-------
Melee: Dagger            |    56 |    13 ||    69
       Constrict         |    15 |     3 ||    18
       Tentacles         |     7 |     2 ||     9
 Stab: Sleeping          |    10 |     1 ||    11
Armor: Skin              |     8 |       ||     8
Dodge: Dodged            |    21 |     8 ||    29
